 Dungeon Crawl Stone Soup version 0.25-a0-1133-g93ebf739aa (webtiles) character file.

Game seed: 17490515225995177596, levelgen mode: deterministic

137 tilp the Bolt Thrower (level 5, -3/33 HPs)
             Began as a Kobold Arcane Marksman on May 20, 2020.
             Slain by Natasha (6 damage)
             ... on level 2 of the Dungeon.
             The game lasted 00:04:40 (2536 turns).

tilp the Bolt Thrower (Kobold Arcane Marksman)      Turns: 2536, Time: 00:04:41

Health: -3/33      AC:  9    Str:  9    XL:     5   Next: 43%
Magic:  6/6        EV: 11    Int: 14    God:
Gold:   97         SH:  0    Dex: 15    Spells: 3/6 levels left

rFire    . . .     SeeInvis .   b - +0 hand axe
rCold    . . .     Gourm    .   (shield restricted)
rNeg     . . .     Faith    .   o - +0 scale mail
rPois    .         Spirit   .   l - +2 hat
rElec    .         Reflect  .   q - +0 cloak
rCorr    .         Harm     .   (no gloves)
MR       .....                  (no boots)
Stlth    ..........             (no amulet)
HPRegen  0.11/turn              (no ring)
MPRegen  0.10/turn              (no ring)

@: confused
A: small, carnivore
a: no special abilities


You were on level 2 of the Dungeon.
You were completely stuffed.

You visited 1 branch of the dungeon, and saw 2 of its levels.

You collected 97 gold pieces.

Inventory:

Hand Weapons
 a - a +0 hand crossbow
 b - a +0 hand axe (weapon)
 w - a +0 dagger
Missiles
 d - 9 bolts
 g - 4 atropa-tipped darts (quivered)
Armour
 l - a +2 hat (worn)
 o - a +0 scale mail (worn)
 q - a +0 cloak (worn)
Jewellery
 e - an uncursed ring of magical power {unknown}
 f - an uncursed ring of wizardry {unknown}
 p - an uncursed ring of see invisible {unknown}
Scrolls
 h - a scroll of enchant armour {unknown}
 i - 2 scrolls of teleportation
 k - a scroll of enchant weapon {unknown}
 r - a scroll of remove curse {unknown}
 x - a scroll of random uselessness {unknown}
Potions
 j - a potion of degeneration {unknown}
 m - a potion of magic
 s - 2 potions of haste
 t - a potion of flight
 v - a potion of invisibility {unknown}
Comestibles
 c - 4 rations
 n - a chunk of flesh


   Skills:
 - Level 4.0 Fighting
 + Level 4.6 Crossbows
 - Level 2.4 Dodging
 - Level 1.1 Spellcasting
 - Level 3.0 Hexes


You had 3 spell levels left.
You knew the following spells:

 Your Spells              Type           Power        Failure   Level  Hunger
a - Corona                Hex            #......      54%         1    ##.....
b - Slow                  Hex            #.......     69%         2    ###....

Your spell library contained the following spells:

 Spells                   Type           Power        Failure   Level  Hunger
 Inner Flame              Hex/Fire       #.......     98%         3    ####...
 Portal Projectile        Hex/Tloc       #.....       98%         3    ####...
 Cause Fear               Hex            #.........   100%        4    #####..
 Leda's Liquefaction      Hex/Erth       #.........   100%        4    #####..


Dungeon Overview and Level Annotations

Branches:
Dungeon (2/15)

Altars:
Sif Muna

Annotations:
D:2 Natasha


Innate Abilities, Weirdness & Mutations

You are small and have problems with some larger weapons.
You are carnivorous and can eat meat at any time.


Message History

Aim: Natasha You shoot a bolt.
The bolt hits Natasha.
Natasha is lightly wounded.
Natasha claws you.
* * * LOW HITPOINT WARNING * * *
Firing (i - inventory. (/) - cycle)
d - 10 bolts (quivered)
Press: ? - help, Shift-Dir - straight line, f/p - Natasha
Aim: Natasha (lightly wounded)
You shoot a bolt. The bolt closely misses Natasha.
Natasha stares at you and mumbles some strange words.
The magic dart hits you!
* * * LOW HITPOINT WARNING * * *
You are confused.
You feel invigorated. Natasha casts a spell at you. The magic dart hits you.
* * * LOW HITPOINT WARNING * * *
b - a +0 hand axe (weapon)
Natasha claws you.
You die...

#...###.#......###......##....
######..###(...##.............
#.## #................... #.#
##.#.#..............
#.####.((........).......
####..............>.........
###.....#####.................
##....#### #h................
###..#### #@................
........# #...........#.....
........# #......##...#.##..
........# ##.........#...##..
........#
###........#####.....
######### #..........#
###.....
###..#.......###.......
#####......).........##....
##..<....................###


You could see Natasha.

Vanquished Creatures
  Jessica (D:2)
  Natasha (twice) (D:2)
  An adder (D:2)
  An ooze (D:1)
  3 dart slugs (D:1)
  2 leopard geckos (D:1)
  A ball python (D:2)
  3 giant cockroaches (D:1)
  4 goblins
  6 hobgoblins
  7 kobolds (D:1)
  5 bats (D:1)
  2 frilled lizards (D:1)
  7 rats
45 creatures vanquished.

Notes
Turn   | Place    | Note
-------+----------+-------------------------------------------
     0 | D:1      | tilp the Kobold Arcane Marksman began the quest for the
                  | Orb.
     0 | D:1      | Reached XP level 1. HP: 12/12 MP: 2/2
    42 | D:1      | Reached XP level 2. HP: 13/17 MP: 3/3
   158 | D:1      | Learned a level 2 spell: Slow
   459 | D:1      | Reached XP level 3. HP: 18/23 MP: 4/4
  1549 | D:1      | Reached XP level 4. HP: 27/29 MP: 5/5
  1833 | D:2      | Found a shimmering blue altar of Sif Muna.
  2006 | D:2      | Noticed Jessica
  2010 | D:2      | Killed Jessica
  2196 | D:2      | Noticed Natasha
  2200 | D:2      | Killed Natasha
  2200 | D:2      | Reached XP level 5. HP: 33/33 MP: 6/6
  2383 | D:2      | Noticed Natasha
  2389 | D:2      | Killed Natasha
  2527 | D:2      | Noticed Natasha
  2535 | D:2      | HP: 1/33 [Natasha/magic dart (5)]
  2536 | D:2      | Slain by Natasha

Illustrated notes

Levels and vault maps discovered:
D:1:      dpeg_arrival_shrine, layout_loops_ring, minmay_circled_x
D:2:      layout_rooms, lemuel_blue_sif_altar, uniq_natasha, uniq_jessica

Skill      XL: |  1  2  3  4 |
---------------+-------------+-----
Fighting       | 2 3 4 |  4.0
Crossbows      | 4 |  4.6
Dodging        | |  2.4
Spellcasting   | |  1.1
Hexes          | |  3.0

Action                   |  1- 3 |  4- 6 || total
-------------------------+-------+-------++-------
Melee: Hand axe          |   155 |    29 ||   184
 Fire: Hand crossbow     |     4 |    28 ||    32
  Use: Scroll            |       |     5 ||     5
       Potion            |       |     1 ||     1
 Stab: Sleeping          |     1 |       ||     1
  Eat: Chunk             |    11 |     3 ||    14
Armor: Robe              |    26 |       ||    26
       Scale mail        |    32 |    21 ||    53
Dodge: Dodged            |   169 |    17 ||   186

Table legend:
 A = Non-vault XP
 B = Vault XP
 C = Vault XP percentage of total XP
 D = Non-vault monster count
 E = Vault monster count
 F = Vault count percentage of total count
                 A         B        C        D         E       F
            +---------+---------+-------+---------+---------+-------
      Total |     117 |      79 |  40.3 |      39 |       6 |  13.3
            +---------+---------+-------+---------+---------+-------
        D:1 |      61 |       9 |  12.9 |      32 |       4 |  11.1
        D:2 |      56 |      70 |  55.6 |       7 |       2 |  22.2
            +---------+---------+-------+---------+---------+-------
